 Dungeon Crawl Stone Soup version 0.31-a0-112-gdf0485fa37 (webtiles) character file.

Game seed: 18365222167386191263

9549 Sobieck the Devastator (level 11, -11/61 HPs)
             Began as a Tengu Conjurer on May 28, 2023.
             Was a Follower of Vehumet.
             Shot with an arrow by a centaur warrior (23 damage)
             ... on level 10 of the Dungeon.
             The game lasted 00:28:39 (12573 turns).

Sobieck the Devastator (Tengu Conjurer)            Turns: 12573, Time: 00:28:40

Health: -11/61     AC:  6    Str:  7    XL:     11   Next: 48%
Magic:  17/24      EV: 16    Int: 24    God:    Vehumet [*.....]
Gold:   662        SH:  0    Dex: 12    Spells: 15/26 levels left

rFire   . . .        (no weapon)
rCold   + . .        (no shield)
rNeg    . . .        x - +0 robe {Will+}
rPois   +            (helmet restricted)
rElec   +            t - +1 cloak
rCorr   .            e - +1 pair of gloves of the World {rElec}
SInv    .            (boots unavailable)
Will    +....        (no amulet)
Stlth   ++           o - ring of poison resistance
HPRegen 0.30/turn    c - ring of protection from cold
MPRegen 0.19/turn

%: no passive effects
@: flying quickly and evasively, quick
A: beak, talons 3, nimble flight
a: Renounce Religion


You were on level 10 of the Dungeon.
You worshipped Vehumet.
Vehumet was aware of your devotion.
You visited 2 branches of the dungeon, and saw 11 of its levels.
You also visited: Ossuary.

You collected 662 gold pieces.

Inventory:

Hand Weapons
 r - the +6 dagger "Worm's Wrath" {freeze, *Rage Will+++}
   (You found it on level 6 of the Dungeon)

   *Rage:     It berserks you when you make melee attacks (+20% chance).
   Will:      It greatly increases your willpower.
 F - the +7 dagger of Action {drain, Str+4}
   (You took it off an orc on level 7 of the Dungeon)

   Str:       It affects your strength (+4).
Missiles
 Z - a throwing net
Armour
 a - a +0 robe
 e - the +1 pair of gloves of the World (worn) {rElec}
   (You found it on level 5 of the Dungeon)

   rElec:     It insulates you from electricity.
 f - a +1 pair of gloves
 t - a +1 cloak (worn)
 w - a +1 pair of gloves
 x - a +0 robe of willpower (worn)
 z - a +0 buckler
 A - a +2 kite shield
 B - a scarf of invisibility
 D - a +1 pair of gloves
Jewellery
 c - a ring of protection from cold (right hand)
 o - a ring of poison resistance (left hand)
 q - a +6 ring of strength
 s - a ring of see invisible
 y - a +6 ring of dexterity
Wands
 E - a wand of charming (15)
 I - a wand of iceblast (8)
 V - a wand of flame (47)
Scrolls
 g - a scroll of immolation
 n - 3 scrolls of fear
 p - a scroll of noise
 u - a scroll of butterflies
 G - a scroll of amnesia
 M - 4 scrolls of magic mapping
 R - a scroll of identify
 T - 5 scrolls of teleportation
Potions
 d - 2 potions of invisibility
 h - 3 potions of attraction
 i - 3 potions of might
 j - 2 potions of lignification
 k - 2 potions of resistance
 l - 3 potions of heal wounds
 m - a potion of enlightenment
 v - a potion of mutation
 C - a potion of ambrosia
 H - 5 potions of haste
 Q - 5 potions of curing


   Skills:
 - Level 4.2 Fighting
 - Level 5.9 Dodging
 - Level 2.0 Stealth
 - Level 8.0 Spellcasting
 - Level 17.8 Conjurations
 - Level 3.0 Hexes
 - Level 3.0 Translocations
 + Level 2.4 Fire Magic
 + Level 3.0 Air Magic


You had 15 spell levels left.
You knew the following spells:

 Your Spells              Type           Power      Damage    Failure   Level
a - Magic Dart            Conj           100%       1d8       0%          1
b - Searing Ray           Conj           100%       2d8       0%          2
c - Fulminant Prism       Conj/Hex       28%        3d14      1%          4
d - Iskenderun's Mystic   Conj/Tloc      56%        2d12      1%          4

Your spell library contained the following spells:

 Spells                   Type           Power      Damage    Failure   Level
 Foxfire                  Conj/Fire      100%       2x1d9     1%          1
 Dazzling Flash           Conj/Hex       100%       N/A       1%          3
 Hailstorm                Conj/Ice       51%        3d11      1%          3
 Flame Wave               Conj/Fire      55%        2d13      1%          4
 Sticky Flame             Conj/Fire      55%        2d7       1%          4
 Scorch                   Fire           42%        2d7       3%          2
 Volatile Blastmotes      Fire/Tloc      44%        2d13      6%          3
 Starburst                Conj/Fire      27%        6d9       16%         6
 Manifold Assault         Tloc           24%        N/A       19%         4
 Ice Form                 Ice/Tmut       9%         N/A       54%         4
 Dispersal                Tloc           12%        N/A       96%         6
 Plasma Beam              Fire/Air       11%        2x1d24    97%         6
 Simulacrum               Ice/Necr       4%         N/A       100%        6
 Summon Cactus Giant      Summ           4%         N/A       100%        6
 Dragon Form              Tmut           4%         N/A       100%        7
 Storm Form               Tmut/Air       8%         N/A       100%        7
 Disjunction              Tloc           12%        N/A       100%        8
 Ignition                 Fire           10%        3d5       100%        8


Dungeon Overview and Level Annotations

Branches:
Dungeon (10/15)            Temple (1/1) D:7            Lair (0/5) D:8
Ossuary (visited)
    Orc: D:9-12

Altars:
Cheibriados
Dithmenos
Elyvilon
Fedhas
Gozag
Hepliaklqana
Kikubaaqudgha
Makhleb
Nemelex Xobeh
Okawaru
Qazlal
Ru
Sif Muna
Trog
Uskayaw
Vehumet
Wu Jian
Xom
Yredelemnul
Zin
The Shining One

Annotations:
D:4 3 runed translucent doors, Demosthentine's ghost, novice DsGl; Loveship's ghost, amateur MiFi; lessens's ghost, weakling HODe


Innate Abilities, Weirdness & Mutations

You have a beak for a mouth.
You have claws for feet.
Your magical nature lets you fly swiftly and evasively.


Message History

Okay, then.
Unknown command.
Unknown command.
You start resting.
Magic restored.
Unknown command.
You fly downwards.
There is a stone staircase leading up, spattered with blood here.
Unknown command.
Unknown command.
Unknown command.
You see here a vampire mosquito corpse.
You reach down and open the door.
There is an open door here.
The two-headed ogre shouts in stereo!
There is an open door here.
Danger!
Unknown command.
Casting: Iskenderun's Mystic Blast (dangerous; 1% risk of failure)
Confirm with . or Enter, or press ? or * to list all spells.
Aiming: Fulminant Prism (dangerous; 1% risk of failure)
Press: ? - help, Dir - move target You conjure a prism of explosive energy!
A fulminant prism comes into view.
Casting: Fulminant Prism (dangerous; 1% risk of failure)
Confirm with . or Enter, or press ? or * to list all spells.
Aiming: Fulminant Prism (dangerous; 1% risk of failure)
Press: ? - help, Dir - move target You conjure a prism of explosive energy!
A fulminant prism comes into view.
A centaur warrior comes into view.
The two-headed ogre hits your fulminant prism with a +0 giant club!!
Your fulminant prism detonates feebly.
The centaur warrior wields a +0 shortbow.
The centaur warrior shoots an arrow.
The arrow hits you!
The centaur warrior shoots an arrow.
The arrow hits you!
Your fulminant prism crackles loudly.
The centaur warrior shoots an arrow.
The arrow hits you!
You see here a vampire mosquito corpse.
Your fulminant prism explodes!
The blast of energy engulfs the two-headed ogre!!
The two-headed ogre is heavily wounded.
You hear a shout! x2
There is a stone staircase leading up, spattered with blood here.
Unknown command.
Unknown command.
The centaur warrior shoots an arrow.
The arrow hits you!
* * * LOW HITPOINT WARNING * * *
The centaur warrior shoots an arrow.
The arrow hits you!!
You die...

..........#..........####
..........#......*......##
...###c.(###....##...#....
. ###...#########...#....
#.....................#
#.....................#
#.....................'
#.........O...........#
#.....@†..............#
#......)..............#
########[.##'#######..#
##...###.)##.# ..#
.......)..#.......+ ...
.........[#.......# .
..........#.......#
..........#.......#
..........'.......#


You could see a centaur warrior and a two-headed ogre.

Vanquished Creatures
  2 two-headed ogres
  Joseph (D:8)
  Prince Ribbit (D:7)
  Grinder (D:3)
  A hornet (D:9)
  A wyvern (D:8)
  A vampire (D:10)
  2 yaks (D:8)
  Grum (D:8)
  A steam dragon (D:8)
  A vampire mosquito (D:10)
  3 water moccasins (D:8)
  2 orc warriors (D:8)
  Duvessa (D:7)
  2 black bears
  2 ice beasts
  An ogre (D:5)
  3 wolves (D:8)
  4 centaurs
  A phantom (D:7)
  A kobold brigand (D:4)
  2 gnoll sergeants
  4 scorpions
  4 bullfrogs (D:8)
  3 water moccasin zombies (Ossuary)
  Dowan (D:7)
  3 killer bees (D:9)
  2 electric eels (D:6)
  3 howler monkeys
  A hound (D:7)
  2 jellies
  8 orc priests
  A gnoll bouda (D:7)
  2 sleepcaps
  Ijyb (D:5)
  Natasha (thrice) (D:3)
  3 iguanas
  9 orc wizards
  Terence (D:3)
  2 mummies (Ossuary)
  4 adders
  14 gnolls
  A white imp (D:8)
  3 ufetubi
  2 adder zombies (Ossuary)
  3 worms
  2 dart slugs
  31 orcs
  4 bats
  5 endoplasms
  3 giant cockroaches
  7 goblins
  3 hobgoblins
  2 jackals (D:1)
  22 kobolds
  5 quokkas
  4 ball pythons
  5 frilled lizards
  6 gnoll zombies (Ossuary)
  6 hobgoblin zombies (Ossuary)
  8 kobold zombies (Ossuary)
  3 orc zombies (Ossuary)
  5 rats
  A fulminant prism (D:8)
237 creatures vanquished.

Vanquished Creatures (others)
  99 fulminant prisms
99 creatures vanquished.

Grand Total: 336 creatures vanquished

Notes
Turn   | Place    | Note
-------+----------+-------------------------------------------
     0 | D:1      | Sobieck the Tengu Conjurer began the quest for the Orb.
     0 | D:1      | Reached XP level 1. HP: 10/10 MP: 4/4
   300 | D:1      | Reached XP level 2. HP: 13/15 MP: 1/6
   303 | D:1      | Learned a level 2 spell: Searing Ray
   389 | D:1      | Reached skill level 6 in Conjurations
  1117 | D:1      | Reached XP level 3. HP: 19/19 MP: 2/7
  2088 | D:3      | Noticed Grinder
  2097 | D:3      | Killed Grinder
  2098 | D:3      | Reached skill level 7 in Conjurations
  2098 | D:3      | Reached skill level 3 in Spellcasting
  2098 | D:3      | Reached skill level 8 in Conjurations
  2098 | D:3      | Reached XP level 4. HP: 24/24 MP: 0/9
  2098 | D:3      | Gained mutation: Your magical nature lets you fly swiftly
                  | and evasively. [Tengu growth]
  2098 | D:3      | Reached XP level 5. HP: 28/28 MP: 0/10
  2098 | D:3      | Reached XP level 6. HP: 32/32 MP: 0/11
  2188 | D:3      | Learned a level 4 spell: Fulminant Prism
  2193 | D:3      | Learned a level 4 spell: Iskenderun's Mystic Blast
  2254 | D:3      | Noticed Terence
  2259 | D:3      | Killed Terence
  2441 | D:3      | Reached skill level 9 in Conjurations
  2504 | D:3      | Noticed Natasha
  2506 | D:3      | Killed Natasha
  2551 | D:3      | Found a faded altar of an unknown god.
  2636 | D:3      | Noticed Natasha
  2639 | D:3      | Killed Natasha
  2681 | D:3      | Noticed Natasha
  2683 | D:3      | Killed Natasha
  3544 | D:4      | Reached XP level 7. HP: 36/36 MP: 0/14
  3684 | D:4      | Found a runed translucent gate.
  3685 | D:4      | Found a runed translucent gate.
  3685 | D:4      | Found a runed translucent gate.
  3686 | D:4      | Noticed Loveship's ghost (amateur MiFi)
  3686 | D:4      | Noticed lessens's ghost (weakling HODe)
  3687 | D:4      | Noticed Demosthentine's ghost (novice DsGl)
  4722 | D:4      | Reached skill level 10 in Conjurations
  4938 | D:5      | Entered Level 5 of the Dungeon
  4964 | D:5      | Identified the +1 pair of gloves of the World {rElec}
  4992 | D:5      | Found a glowing golden altar of the Shining One.
  5027 | D:5      | Reached XP level 8. HP: 41/41 MP: 6/16
  5236 | D:5      | Reached skill level 11 in Conjurations
  5300 | D:5      | Noticed Ijyb
  5303 | D:5      | Killed Ijyb
  6022 | D:6      | Found a sand-covered staircase.
  6029 | Ossuary  | Entered an ossuary
  6216 | Ossuary  | Reached skill level 6 in Spellcasting
  6304 | Ossuary  | Reached skill level 1 in Hexes
  6636 | D:6      | Identified the +6 dagger "Worm's Wrath" {freeze, *Rage
                  | Will+++}
  6936 | D:6      | Reached skill level 3 in Hexes
  6989 | D:6      | Reached skill level 1 in Translocations
  7549 | D:6      | Found a shimmering blue altar of Sif Muna.
  7716 | D:6      | Found a white marble altar of Elyvilon.
  7721 | D:6      | Found a snail-covered altar of Cheibriados.
  7910 | D:7      | Noticed Duvessa
  7910 | D:7      | Noticed Dowan
  7916 | D:7      | Killed Duvessa
  7917 | D:7      | Reached XP level 9. HP: 39/45 MP: 7/19
  7996 | D:7      | Killed Dowan
  7997 | D:7      | Reached skill level 3 in Translocations
  8023 | D:7      | Found a staircase to the Ecumenical Temple.
  8033 | Temple   | Entered the Ecumenical Temple
  8121 | Temple   | Became a worshipper of Vehumet
  8235 | D:7      | Reached skill level 1 in Fighting
  8249 | D:7      | Identified the +7 dagger of Action {drain, Str+4}
  8256 | D:7      | Reached skill level 3 in Dodging
  8495 | D:7      | Noticed Prince Ribbit
  8504 | D:7      | Killed Prince Ribbit
  8505 | D:7      | Reached skill level 3 in Fighting
  8639 | D:7      | Found an opulent altar of Gozag.
  8642 | D:7      | Found a glowing silver altar of Zin.
  8990 | D:7      | Found an ornate altar of the Wu Jian Council.
  9145 | D:7      | Reached skill level 17 in Conjurations
  9145 | D:7      | Reached XP level 10. HP: 50/56 MP: 9/20
 10199 | D:8      | Found a staircase to the Lair.
 10405 | D:8      | Reached * piety under Vehumet
 10405 | D:8      | Offered knowledge of Foxfire by Vehumet.
 10430 | D:8      | Noticed Joseph
 10448 | D:8      | Reached XP level 11. HP: 55/60 MP: 2/23
 10580 | D:8      | Killed Joseph
 10765 | D:8      | Noticed Grum
 10768 | D:8      | Killed Grum
 10853 | D:8      | Found a stormy altar of Qazlal.
 11222 | D:8      | Found a bloodstained altar of Trog.
 11235 | D:8      | Found an iron altar of Okawaru.
 11274 | D:8      | Found a hide-covered altar of Uskayaw.
 11623 | D:9      | Noticed a two-headed ogre
 11631 | D:9      | Killed a two-headed ogre
 12106 | D:10     | Entered Level 10 of the Dungeon
 12127 | D:9      | Identified a scroll of acquirement
 12127 | D:9      | Acquired Sobieck's Tractate on the Fluctuating Burn
 12188 | D:10     | Noticed a two-headed ogre
 12199 | D:10     | Killed a two-headed ogre
 12200 | D:10     | Reached skill level 1 in Fire Magic
 12386 | D:10     | Noticed a two-headed ogre
 12517 | D:10     | Reached skill level 3 in Air Magic
 12569 | D:10     | Noticed a centaur warrior
 12573 | D:10     | Shot with an arrow by a centaur warrior

Illustrated notes

Levels and vault maps discovered:
D:1:      dpeg_arrival_simpleton_b, layout_basic, minmay_pentomino_z2
D:2:      minmay_door_path, layout_loops_ring, serial_forest,
          infiniplex_forest_clump_small, infiniplex_forest_zigzag_1,
          infiniplex_forest_clump_diagonal, infiniplex_forest_end_1,
          infiniplex_forest_end_2, infiniplex_forest_end_1,
          infiniplex_forest_straight_4, infiniplex_forest_clump_diagonal,
          infiniplex_forest_end_1, minmay_misc_feat_tiny,
          dreamdust_princess_bridge, grunt_ministairs_15
D:3:      layout_loops_ring, shapermc_ecumenical_altar_mp_urbaneastern,
          dk_noncrumbling_2, minmay_statues_item, uniq_grinder, uniq_natasha,
          uniq_terence
D:4:      kennysheep_kobold_camp, layout_basic, gammafunk_ghost_cemetery
D:5:      layout_loops_ring, nicolae_tso_carved_into_rock, uniq_ijyb
D:6:      layout_rooms, lemuel_tele_altar, amethyst_overflow_temple_binary,
          serial_bayou, serial_bayou_crossing, serial_bayou_pond_a,
          serial_bayou_ford_a, serial_bayou_lagoon_a, enter_ossuary_2
D:7:      layout_basic, grunt_temple_overflow_gold_and_silver,
          mainiacjoe_overflow_small_starburst, temple_green, uniq_duvessa,
          uniq_prince_ribbit1
D:8:      layout_rooms, nicolae_overflow_quartered_altars,
          due_lair_maze_entry_diamond, grunt_ministairs_9, nicolae_wwwww,
          nicolae_lava_and_water, st_stairs_13, uniq_joseph, uniq_grum
D:9:      layout_rooms
D:10:     minmay_the_grid_triangle_9x9_recursive_2
          [minmay_the_grid_triangle_9x9_prize_schism,
          minmay_the_grid_triangle_9x9_negative_grid,
          minmay_the_grid_triangle_9x9_pentomino_pain,
          minmay_the_grid_triangle_9x9_minimal], layout_gridville,
          mainiacjoe_overflow_brackets
Temple:   cyrus_temple_forest

Skill      XL: |  1  2  3  4  5  6  7  8  9 10 11 |
---------------+----------------------------------+-----
Conjurations   | 6 8 9 10 11 17 | 17.8
Spellcasting   | 3 4 5 6 7 8 |  8.0
Hexes          | 3 |  3.0
Translocations | 2 3 |  3.0
Fighting       | 3 4 |  4.2
Dodging        | 5 |  5.9
Fire Magic     | 2 |  2.4
Air Magic      | 3 |  3.0
Stealth        | |  2.0

Action                     |  1- 3 |  4- 6 |  7- 9 | 10-12 || total
---------------------------+-------+-------+-------+-------++-------
   Cast: Magic Dart        |    42 |    43 |   115 |     4 ||   204
         Searing Ray       |     6 |     9 |    36 |     8 ||    59
         Fulminant Prism   |       |     1 |    30 |    69 ||   100
         Iskenderun's Myst |       |       |     4 |    12 ||    16
  Evoke: Wand              |     1 |       |       |       ||     1
    Use: Scroll            |       |    12 |    14 |     4 ||    30
         Potion            |       |       |     1 |     4 ||     5
 Armour: Robe              |       |     1 |    14 |     6 ||    21
  Dodge: Dodged            |     2 |     6 |    37 |    32 ||    77

Table legend: (Time is in decaauts)
 A = Elapsed time spent in this place.
 B = Non-inter-level travel time spent in this place.
 C = Inter-level travel time spent in this place.
 D = Time resting spent in this place.
 E = Time spent auto-exploring this place.
 F = Levels seen in this place.
 G = Mean time per level.
                   A        B        C        D        E       F      G
               +--------+--------+--------+--------+--------+-----+--------+
         Total |  12083 |  11715 |    368 |   3472 |   6576 |  12 | 1006.9 |
       Dungeon |  11526 |  11195 |    331 |   3189 |   6487 |  10 | 1152.6 |
        Temple |    121 |     84 |     37 |      0 |     71 |   1 |  121.0 |
       Ossuary |    435 |    435 |      0 |    283 |     17 |   1 |  435.0 |
               +--------+--------+--------+--------+--------+-----+--------+

Top non-repeatable levels by time:
     D:8: 1822 daAuts
     D:3: 1603 daAuts
     D:7: 1406 daAuts
     D:6: 1276 daAuts
     D:5: 1268 daAuts
     D:4: 1241 daAuts
     D:2: 1132 daAuts
     D:1: 831 daAuts
     D:9: 735 daAuts
 Ossuary: 435 daAuts
    D:10: 208 daAuts
  Temple: 121 daAuts
